 Dungeon Crawl Stone Soup version 0.29-a0-418-gc0181ea820 (webtiles) character file.

Game seed: 1792590981969418165

60 jlumianski the Skirmisher (level 3, 0/29 HPs)
             Began as a Demonspawn Fighter on May 18, 2022.
             Slain by a river rat (8 damage)
             ... in a sewer.
             The game lasted 00:04:37 (1361 turns).

jlumianski the Skirmisher (Demonspawn Fighter)      Turns: 1361, Time: 00:04:38

Health: 0/29       AC:  6    Str: 18    XL:     3   Next: 82%
Magic:  3/3        EV:  6    Int:  9    God:
Gold:   63         SH:  5    Dex: 20    Spells: 2/2 levels left

rFire   . . .      SeeInvis .   a - +0 war axe
rCold   . . .      Faith    .   c - +0 buckler
rNeg    . . .      Spirit   .   b - +0 scale mail
rPois   +          Reflect  .   (helmet restricted)
rElec   .          Harm     .   (no cloak)
rCorr   .          Rampage  .   (no gloves)
Will    .....                   (no boots)
Stlth   +.........              (no amulet)
HPRegen 0.09/turn               h - ring of poison resistance
MPRegen 0.08/turn               n - +6 ring of dexterity

@: constricted
A: antennae 1, thin skeletal structure 1
a: no special abilities


You were in a sewer.
You visited 1 branch of the dungeon, and saw 3 of its levels.
You also visited: Sewer.

You collected 63 gold pieces.

Inventory:

Hand Weapons
 a - a +0 war axe (weapon)
Missiles
 i - 58 stones (quivered)
 k - 3 curare-tipped darts
Armour
 b - a +0 scale mail (worn)
 c - a +0 buckler (worn)
 l - a +0 helmet
Jewellery
 h - a ring of poison resistance (left hand)
 n - a +6 ring of dexterity (right hand)
 s - an amulet of faith
Scrolls
 g - a scroll of blinking {unknown}
 o - 2 scrolls of identify {unknown}
 p - a scroll of summoning {unknown}
 q - a scroll of enchant armour {unknown}
 r - a scroll of teleportation {unknown}
Potions
 d - a potion of might
 e - a potion of heal wounds {unknown}
 f - a potion of cancellation {unknown}
 j - a potion of flight {unknown}
 m - 2 potions of mutation {unknown}


   Skills:
 + Level 3.5 Fighting
 + Level 2.4 Axes
 + Level 3.2 Armour
 + Level 0.4 Dodging
 + Level 0.1 Stealth
 + Level 2.9 Shields


You had 2 spell levels left.
You didn't know any spells.
Your spell library contained the following spells:

 Spells                   Type           Power      Damage    Failure   Level
 Magic Dart               Conj           0%         1d3       86%         1
 Call Imp                 Summ           0%         N/A       94%         2
 Corpse Rot               Necr/Air       0%         N/A       94%         2
 Mephitic Cloud           Conj/Pois/Air  0%         N/A       99%         3
 Dispel Undead            Necr           0%         3d6       100%        4
 Death Channel            Necr           0%         N/A       100%        6


Dungeon Overview and Level Annotations

Branches:
Dungeon (3/15)              Sewer (1/1)

Altars:
Xom


Innate Abilities, Weirdness & Mutations

You have a pair of small antennae on your head.
You have a somewhat thin skeletal structure. (Dex +2, Stealth+)


Message History

The river rat barely misses you. The ball python bites you.
The ball python barely misses you.
The ball python bites you but does no damage.
The ball python grabs you. The ball python constricts you.
You escape the ball python's grasp.
The river rat attacks as you move away!
The river rat bites you but does no damage.
The river rat barely misses you. You block the ball python's attack.
The ball python grabs you. The ball python constricts you.
The ball python's grasp on you weakens, but your attempt to escape fails.
The river rat barely misses you.
A river rat comes into view.
The ball python bites you but does no damage.
The ball python constricts you.
You escape the ball python's grasp.
The ball python bites you but does no damage.
The ball python barely misses you. The river rat bites you.
The ball python attacks as you move away!
The ball python closely misses you. You block the ball python's attack.
The ball python bites you but does no damage.
The ball python grabs you. The ball python constricts you.
The ball python completely misses you. You block the ball python's attack.
The ball python constricts you.
You escape the ball python's grasp.
The river rat attacks as you move away! The river rat bites you!
You hit the river rat.
The river rat is lightly wounded.
You closely miss the ball python.
The ball python bites you but does no damage.
The ball python barely misses you. The river rat closely misses you.
You block the ball python's attack. x2; The ball python closely misses you.
The ball python grabs you. The ball python constricts you.
The river rat bites you!
You hit the river rat.
The river rat is moderately wounded.
You barely miss the ball python. You hit the ball python.
You kill the ball python!
You block the ball python's attack. The ball python constricts you.
* * * LOW HITPOINT WARNING * * *
The river rat bites you!
You die...

##≈≈≈≈≈≈........
≈≈≈≈≈≈≈≈≈≈≈≈≈≈≈≈≈≈≈≈≈≈≈≈≈≈≈
≈≈≈≈≈≈≈≈≈≈≈≈≈≈r≈≈≈≈≈≈≈≈≈≈≈≈≈≈≈≈≈≈
≈≈≈≈≈≈≈≈≈≈≈≈≈≈≈≈≈≈≈≈≈≈≈≈≈≈≈≈≈≈≈≈≈
≈≈≈≈≈≈≈≈≈≈≈≈≈≈≈≈rr≈≈≈≈≈≈≈≈≈≈≈≈≈≈≈
≈≈≈≈≈≈≈≈≈≈≈≈≈≈≈≈≈≈.....≈≈≈≈≈≈≈≈≈≈
≈≈≈≈≈≈≈≈≈≈≈≈≈≈≈≈≈........≈≈≈≈≈≈≈≈
≈≈≈≈≈≈≈........rrS...........≈≈≈≈
........†.......@................
........†..##..........††........
#........#####.......##..........
####...######...##..#####......##
##### #∩..#####..######...##
##### ##..∩# ##### #####


You could see 2 river rats, a ball python and 3 rats.

Vanquished Creatures
  3 river rats (Sewer)
  A worm (D:3)
  3 ball pythons
  3 endoplasms
  A giant cockroach (D:2)
  4 goblins
  2 hobgoblins (D:1)
  3 jackals (D:1)
  A bat (D:1)
  2 frilled lizards (D:1)
  3 kobolds
  7 rats
33 creatures vanquished.

Vanquished Creatures (others)
  2 withered plants (D:3)
2 creatures vanquished.

Grand Total: 35 creatures vanquished

Notes
Turn   | Place    | Note
-------+----------+-------------------------------------------
     0 | D:1      | jlumianski the Demonspawn Fighter began the quest for the
                  | Orb.
     0 | D:1      | Reached XP level 1. HP: 18/18 MP: 1/1
   273 | D:1      | Found a faded altar of an unknown god.
   278 | D:1      | Gained mutation: You have a somewhat thin skeletal
                  | structure. (Dex +2, Stealth+) [demonic ancestry]
   278 | D:1      | Reached XP level 2. HP: 24/24 MP: 2/2
  1069 | D:3      | Found a shimmering altar of Xom.
  1108 | D:3      | Found a glowing drain.
  1137 | D:3      | Gained mutation: You have a pair of small antennae on your
                  | head. [demonic ancestry]
  1137 | D:3      | Reached XP level 3. HP: 27/29 MP: 3/3
  1144 | Sewer    | Entered a sewer
  1361 | Sewer    | Slain by a river rat

Illustrated notes

Levels and vault maps discovered:
D:1:      dpeg_arrival_court, layout_rooms, basic_ecumenical_altar
D:2:      layout_loops_corners, kennysheep_generic_room_2
D:3:      layout_loops_cross, mainiacjoe_overflow_six_doors_small,
          kiku_gazebo_garden_becter, cheibrodos_sewer_entry_bend
Sewer:    sewer_minmay_treatment

Skill      XL: |  1  2 |
---------------+-------+-----
Armour         | 3 |  3.2
Axes           | 2 |  2.4
Fighting       | |  3.5
Dodging        | |  0.4
Stealth        | |  0.1
Shields        | |  2.9

Action                   || total
-------------------------++-------
Melee: War axe           ||    93
 Stab: Sleeping          ||     1
Armor: Scale mail        ||    42
Dodge: Dodged            ||    53
Block: Buckler           ||    20

Table legend: (Time is in decaauts)
 A = Elapsed time spent in this place.
 B = Non-inter-level travel time spent in this place.
 C = Inter-level travel time spent in this place.
 D = Time resting spent in this place.
 E = Time spent auto-exploring this place.
 F = Levels seen in this place.
 G = Mean time per level.
                   A        B        C        D        E       F      G
               +--------+--------+--------+--------+--------+-----+--------+
         Total |   1411 |   1371 |     40 |    105 |    558 |   4 |  352.8 |
       Dungeon |   1183 |   1143 |     40 |      0 |    558 |   3 |  394.3 |
         Sewer |    227 |    227 |      0 |    105 |      0 |   1 |  227.0 |
               +--------+--------+--------+--------+--------+-----+--------+

Top non-repeatable levels by time:
     D:1: 803 daAuts
     D:3: 238 daAuts
   Sewer: 227 daAuts
     D:2: 141 daAuts
